 Dungeon Crawl Stone Soup version 0.23-b1-6-ga921848 (webtiles) character file.

Game seed: 3800796557840822777

676 HEYYEYAAE the Skirmisher (level 7, -4/52 HPs)
             Began as an Octopode Hunter on Feb 2, 2019.
             Was an Initiate of Okawaru.
             Killed from afar by Duvessa (13 damage)
             ... with a wand of flame (10)
             ... on level 5 of the Dungeon.
             The game lasted 00:04:22 (4446 turns).

HEYYEYAAE the Skirmisher (Octopode Hunter)          Turns: 4446, Time: 00:04:23

Health: -4/52      AC:  1    Str: 11    XL:     7   Next: 60%
Magic:  7/7        EV: 15    Int: 14    God:    Okawaru [......]
Gold:   242        SH:  0    Dex: 14    Spells: 6/6 levels left

rFire    . . .     SeeInvis .   w - +2 dagger (venom)
rCold    . . .     Gourm    .   (no shield)
rNeg     . . .     Faith    .   (helmet restricted)
rPois    .         Spirit   .   (no amulet)
rElec    .         Reflect  .   e - ring of stealth
rCorr    .         Harm     .   j - ring of flight
MR       ++...                  b - ring of protection from magic
Stlth    ++++......             C - ring of protection from magic
HPRegen  0.17/turn              (no ring)
MPRegen  0.10/turn              (no ring)
                                (no ring)
                                (no ring)

@: hasted, very quick
A: almost no armour, stealthy swim, amphibious, 8 rings, constrict 8, camouflage
1, gelatinous body 1
a: Renounce Religion, Evoke Flight


You were on level 5 of the Dungeon.
You worshipped Okawaru.
Okawaru was noncommittal.
You were hungry.

You visited 2 branches of the dungeon, and saw 6 of its levels.

You collected 242 gold pieces.

Inventory:

Hand Weapons
 a - a +1 hand crossbow
 w - a +2 dagger of venom (weapon)
 D - a +0 arbalest
Missiles
 c - 5 bolts
 f - 43 arrows
Jewellery
 b - a ring of protection from magic (on tentacle)
 e - a ring of stealth (left tentacle)
 j - a ring of flight (right tentacle)
 C - a ring of protection from magic (on tentacle)
Wands
 s - a wand of disintegration (6)
 y - a wand of flame (2)
Scrolls
 g - 2 scrolls of amnesia {unknown}
 h - 2 scrolls of enchant weapon {unknown}
 i - 6 scrolls of identify {unknown}
 k - a scroll of teleportation {unknown}
 r - 2 scrolls of remove curse {unknown}
 t - a scroll of noise {unknown}
 u - a scroll of magic mapping {unknown}
 E - a scroll of immolation {unknown}
Potions
 l - 2 potions of curing
 m - 2 potions of haste
 n - a potion of flight {unknown}
 o - 2 potions of might {unknown}
 p - a potion of lignification {unknown}
 q - a potion of berserk rage {unknown}
 v - 2 potions of resistance {unknown}
 x - a potion of brilliance {unknown}
 z - a potion of experience {unknown}
 A - a potion of mutation {unknown}
 B - a potion of heal wounds {unknown}
Comestibles
 d - 10 rations


   Skills:
 * Level 6.0 Fighting
 + Level 5.6 Crossbows
 + Level 4.3 Dodging
 - Level 1.3 Stealth


You had 6 spell levels left.
You didn't know any spells.
Your spell library was empty.

Dungeon Overview and Level Annotations

Branches:
Dungeon (5/15)             Temple (1/1) D:5

Altars:
Ashenzari
Cheibriados
Dithmenos
Elyvilon
Gozag
Hepliaklqana
Kikubaaqudgha
Makhleb
Nemelex Xobeh
Okawaru
Qazlal
Ru
Sif Muna
Trog
Uskayaw
Vehumet
Wu Jian
Xom
Yredelemnul
Zin
The Shining One

Shops:
D:4 [

Annotations:
D:5 Dowan, Duvessa


Innate Abilities, Weirdness & Mutations

You cannot wear most types of armour.
You are very stealthy in the water. (Stealth+)
You are amphibious.
You can wear up to eight rings at the same time.
You can use your tentacles to constrict eight enemies at once.
Your skin changes colour to match your surroundings (Stealth+).
Your rubbery body absorbs attacks. (AC +1, EV +1)


Message History

* * * LOW HITPOINT WARNING * * *
Evoke which item? (* to show all) (? for menu, Esc to quit)
Aiming: Disintegrate
Press: ? - help, Shift-Dir - straight line, f/p - Duvessa
Aim: Duvessa, wielding a +0 rapier, wearing a +0 leather armour and carrying a wand of flame (12) (lightly wounded, fast, chance to defeat MR: 48%) Duvessa resists with some effort.
Duvessa closely misses you. Dowan misses you.
Evoke which item? (* to show all) (? for menu, Esc to quit)
Aiming: Disintegrate
Press: ? - help, Shift-Dir - straight line, f/p - Duvessa
Aim: Duvessa, wielding a +0 rapier, wearing a +0 leather armour and carrying a wand of flame (12) (lightly wounded, fast, chance to defeat MR: 48%) Duvessa is blasted!
Duvessa zaps a wand.
The puff of flame hits you!
* * * LOW HITPOINT WARNING * * *
Dowan closely misses you. Duvessa misses you.
It was a potion of curing.
You feel better.
Duvessa zaps a wand.
The puff of flame hits you.
* * * LOW HITPOINT WARNING * * *
Dowan misses you.
It was a potion of haste.
You feel yourself speed up.
Duvessa zaps a wand.
The puff of flame hits you!
You die...

..# ######### #.
#.# #.......# #.
#.###.#...... #.
#.#.#.#.....#
#.#####.....#<....#
#...........#.....#
#...........####..#
#.e.#####.#....[..#
##@## #.######..#
#e# #.).......# #)#
########÷## #.$.#
#######.# .=#.#.#
........# #...†....
#######.# ... ...
#!# #.. ##.....>.
.# #### ## #.... .


You could see Duvessa and Dowan.

Vanquished Creatures
  An ice beast (D:5)
  An ogre (D:4)
  A wyvern skeleton (D:3)
  A howler monkey (D:4)
  2 hounds (D:5)
  Ijyb (D:4)
  3 orc wizards
  3 worker ants (D:4)
  A hound skeleton (D:5)
  10 adders
  2 oozes (D:3)
  2 worms (D:2)
  3 dart slugs
  2 leopard geckos
  10 orcs
  6 bats
  2 giant cockroaches (D:4)
  7 goblins
  2 hobgoblins (D:1)
  8 kobolds
  3 quokkas (D:3)
  4 ball pythons
  3 frilled lizards
  A leopard gecko skeleton (D:4)
  6 rats
85 creatures vanquished.

Notes
Turn   | Place    | Note
-------+----------+-------------------------------------------
     0 | D:1      | HEYYEYAAE the Octopode Hunter began the quest for the Orb.
     0 | D:1      | Reached XP level 1. HP: 14/14 MP: 1/1
   383 | D:1      | Reached XP level 2. HP: 20/20 MP: 2/2
   607 | D:2      | Reached XP level 3. HP: 25/25 MP: 3/3
   732 | D:2      | Reached skill level 3 in Fighting
  1077 | D:2      | Reached XP level 4. HP: 31/31 MP: 4/4
  1663 | D:3      | Reached XP level 5. HP: 31/37 MP: 5/5
  1764 | D:3      | Reached skill level 4 in Fighting
  2981 | D:4      | Reached XP level 6. HP: 35/44 MP: 6/6
  2997 | D:4      | Found Umoaw's Armour Shoppe.
  3003 | D:4      | Noticed Ijyb
  3023 | D:4      | Killed Ijyb
  3273 | D:4      | Reached skill level 5 in Crossbows
  3285 | D:4      | Reached skill level 5 in Fighting
  3605 | D:4      | Reached XP level 7. HP: 44/50 MP: 7/7
  3854 | D:5      | Entered Level 5 of the Dungeon
  3877 | D:5      | Found a staircase to the Ecumenical Temple.
  4155 | Temple   | Entered the Ecumenical Temple
  4356 | Temple   | Became a worshipper of Warmaster Okawaru
  4418 | D:5      | Noticed Duvessa
  4418 | D:5      | Noticed Dowan
  4441 | D:5      | Reached skill level 6 in Fighting
  4446 | D:5      | Killed from afar by Duvessa

Skill      XL: |  1  2  3  4  5  6  7 |
---------------+----------------------+-----
Fighting       | 3 4 5 6 |  6.0
Dodging        | 3 4 |  4.3
Crossbows      | 5 |  5.6
Stealth        | |  1.3

Action                   |  1- 3 |  4- 6 |  7- 9 || total
-------------------------+-------+-------+-------++-------
Melee: Dagger            |       |    66 |    19 ||    85
       Constrict         |       |    21 |     5 ||    26
       Short sword       |       |     8 |       ||     8
       Tentacles         |       |    11 |     5 ||    16
 Fire: Hand crossbow     |    51 |    52 |       ||   103
Evoke: Wand              |       |     1 |    24 ||    25
  Use: Potion            |       |       |     2 ||     2
 Stab: Sleeping          |       |     6 |     1 ||     7
  Eat: Chunk             |       |     8 |     2 ||    10
Armor: Skin              |     1 |     4 |       ||     5
Dodge: Dodged            |    10 |    73 |    23 ||   106
